 Dungeon Crawl Stone Soup version 0.30-a0-743-gbfdf073431 (webtiles) character file.

Game seed: 5794587958862345492

3031 NinjaNoafa the Thaumaturge (level 10, 0/78 HPs)
             Began as a Meteoran Conjurer on Feb 6, 2023.
             Was a Follower of Cheibriados.
             Killed from afar by an acid dragon (16 damage)
             ... with a splash of acid
             ... on level 8 of the Dungeon on Feb 7, 2023.
             The game lasted 00:29:05 (3624 turns).

NinjaNoafa the Thaumaturge (Meteoran Conjurer)      Turns: 3624, Time: 00:29:06

Health: 0/78       AC:  9    Str: 10    XL:     10   Next: 32%
Magic:  22/25      EV: 14    Int: 26    God:    Cheibriados [*.....]
Gold:   346        SH:  0    Dex: 16    Spells: 5/29 levels left

rFire   . . .      SeeInvis +    c - +6 dagger (freeze)
rCold   . . .      Faith    .    (no shield)
rNeg    . . .      Spirit   .    B - +0 steam dragon scales
rPois   .          Reflect  .    (no helmet)
rElec   .          Harm     .    o - +0 cloak
rCorr   .          Rampage  .    y - +0 pair of gloves
Will    ++...                    d - +0 pair of boots
Stlth   +                        (no amulet)
HPRegen 0.33/turn                g - ring of see invisible
MPRegen 0.19/turn                v - ring of willpower

@: lethally poisoned (0 -> -1), about to teleport, glowing, very slow
A: sense surroundings 2, otherworldly, glowing, explore regen
a: Renounce Religion, Bend Time


You were on level 8 of the Dungeon.
You worshipped Cheibriados.
Cheibriados was aware of your devotion.
You visited 2 branches of the dungeon, and saw 9 of its levels.

You collected 346 gold pieces.

Inventory:

Hand Weapons
 c - a +6 dagger of freezing (weapon)
 h - a +2 dagger of venom
Missiles
 x - 6 curare-tipped darts
Armour
 d - a +0 pair of boots (worn)
 o - a +0 cloak (worn)
 y - a +0 pair of gloves (worn)
 B - +0 steam dragon scales (worn)
Magical Staves
 a - a staff of cold
Jewellery
 g - a ring of see invisible (left hand)
 v - a ring of willpower (right hand)
Wands
 r - a wand of digging (2)
 z - a wand of iceblast (9)
 C - a wand of quicksilver (7)
Scrolls
 f - a scroll of silence
 j - 2 scrolls of fog
 l - a scroll of poison {unknown}
 p - 2 scrolls of immolation {unknown}
 s - 6 scrolls of teleportation
 A - a scroll of vulnerability {unknown}
 D - 3 scrolls of magic mapping {unknown}
 E - 3 scrolls of blinking {unknown}
Potions
 b - 3 potions of haste
 e - a potion of berserk rage
 i - a potion of cancellation
 k - 3 potions of might
 m - 3 potions of flight
 n - 4 potions of curing
 q - a potion of lignification {unknown}
 t - a potion of degeneration {unknown}
 u - a potion of invisibility {unknown}
 w - a potion of heal wounds {unknown}


   Skills:
 - Level 4.0 Fighting
 - Level 3.0 Armour
 - Level 5.0 Dodging
 - Level 1.4 Stealth
 + Level 10.0 Spellcasting
 - Level 6.0 Conjurations
 - Level 6.0 Hexes
 - Level 6.0 Translocations
 + Level 3.7 Invocations
 - Level 3.0 Evocations


You had 5 spell levels left.
You knew the following spells:

 Your Spells              Type           Power      Damage    Failure   Level
a - Magic Dart            Conj           100%       1d8       1%          1
b - Searing Ray           Conj           88%        2d7       1%          2
c - Dazzling Flash        Conj/Hex       88%        N/A       1%          3
d - Iskenderun's Mystic   Conj/Tloc      44%        2d10      3%          4
e - Summon Guardian Gole  Hex/Summ       28%        N/A       4%          3
f - Fulminant Prism       Conj/Hex       22%        3d12      3%          4
g - Teleport Other        Tloc           44%        N/A       1%          3
h - Passwall              Tmut/Erth      10%        N/A       7%          2
i - Blink                 Tloc           88%        N/A       1%          2

Your spell library contained the following spells:

 Spells                   Type           Power      Damage    Failure   Level
 Apportation              Tloc           88%        N/A       1%          1
 Lesser Beckoning         Tloc           88%        N/A       1%          2
 Momentum Strike          Conj/Tloc      88%        3d10      1%          2
 Gell's Gravitas          Tloc           44%        N/A       1%          3
 Portal Projectile        Hex/Tloc       88%        N/A       1%          3
 Tukima's Dance           Hex            44%        N/A       1%          3
 Necrotise                Necr           52%        1d6       4%          1
 Sandblast                Erth           26%        2d8       4%          1
 Summon Small Mammal      Summ           52%        N/A       4%          1
 Stone Arrow              Conj/Erth      56%        3d10      4%          3
 Leda's Liquefaction      Hex/Erth       14%        N/A       13%         4
 Call Canine Familiar     Summ           13%        N/A       14%         3
 Blade Hands              Tmut           6%         N/A       77%         5


Dungeon Overview and Level Annotations

Branches:
Dungeon (8/15) Zot: 2009   Temple (1/1) D:6 Zot: 853
   Lair: D:8-11

Altars:
Ashenzari
Cheibriados
Dithmenos
Elyvilon
Gozag
Hepliaklqana
Kikubaaqudgha
Makhleb
Nemelex Xobeh
Okawaru
Qazlal
Ru
Sif Muna
Trog
Uskayaw
Yredelemnul
Zin


Innate Abilities, Weirdness & Mutations

You passively map the area around you.
You are easily found by Zot.
You glow in the dark.
You regain HP and MP as you explore.


Message History

You blink.
A centaur comes into view.
You feel sick.
The centaur wields a +0 shortbow.
The centaur shoots an arrow.
The arrow hits you but does no damage.
The centaur shoots an arrow.
The arrow hits you.
You feel sick.
The kobold brigand throws a poisoned dart.
The poisoned dart barely misses you.
The centaur shoots an arrow.
The arrow hits you.
Found 12 gold pieces.
You feel sick.
The kobold brigand throws a poisoned dart.
The poisoned dart closely misses you.
The centaur shoots an arrow.
The arrow hits you!
You feel sick.
The centaur shoots an arrow.
The arrow hits you!
The centaur shoots an arrow.
The arrow hits you!
* * * LOW HITPOINT WARNING * * *
Casting: Blink (safe; 1% risk of failure)
Confirm with . or Enter, or press ? or * to list all spells.
You blink.
You feel sick. The acid dragon spits acid at you. The splash of acid hits you!!
* * * LOW HITPOINT WARNING * * *
As you read the scroll of teleportation, it crumbles to dust.
You feel strangely unstable.
You feel sick.
Casting: Blink (safe; 1% risk of failure)
Confirm with . or Enter, or press ? or * to list all spells.
Aiming: Searing Ray (safe; 1% risk of failure)
Press: ? - help, Shift-Dir - straight line, f - acid dragon
Aim: an acid dragon (catching its breath, 82% to hit)
The searing ray hits the acid dragon.
The acid dragon is lightly wounded. (Press . to maintain the ray.)
The kobold brigand throws a poisoned dart.
The poisoned dart barely misses you.
The searing ray hits the acid dragon!
The acid dragon is moderately wounded.
You feel sick. The acid dragon spits acid at you. The splash of acid hits you!
You die...

, ....#* * .. , ,
#..., ..$.#####.##*
##...,, #.....#...,
......,##.....c(# ,
,,,
*......,#........# ,
*
,......##.......##**,
, , .........?.....##
*, ,
.........K......# ,,
* , .......@(D.9..###
* , *..........).).#
, ,
#.........)......#,,,
####.##.##.........,*
* *
.....####........**
......, ......... *,
..# . . ......... ,,,
*#.* .., ......... ,
..........


You could see an acid dragon (catching breath), a kobold brigand (ally target),
a centaur and a friendly guardian golem (summoned).

Vanquished Creatures
  Sigmund (D:3)
  A steam dragon (D:4)
  An orc warrior (D:7)
  2 ice beasts
  A sky beast (D:7)
  2 black bears
  2 ogres
  A centaur (D:5)
  3 phantoms (D:6)
  A kobold brigand (D:6)
  A bullfrog (D:5)
  5 scorpions
  7 wights (D:7)
  A howler monkey (D:4)
  4 hounds
  3 jellies
  A gnoll bouda (D:7)
  7 orc priests
  Natasha (twice) (D:2)
  Terence (D:2)
  6 orc wizards
  An iguana (D:5)
  3 adders
  4 gnolls (D:7)
  3 ufetubi
  4 worms (D:2)
  5 dart slugs
  23 orcs
  7 endoplasms
  6 giant cockroaches
  8 goblins
  6 hobgoblins
  8 jackals
  A quokka (D:1)
  8 ball pythons
  3 bats
  A frilled lizard (D:2)
  11 kobolds
  3 rats
158 creatures vanquished.

Vanquished Creatures (others)
  An orc priest (D:4)
  2 orcs (D:7)
  A hobgoblin (D:4)
  9 fulminant prisms
  10 plants (D:6)
23 creatures vanquished.

Grand Total: 181 creatures vanquished

Notes
Turn   | Place    | Note
-------+----------+-------------------------------------------
     0 | D:1      | NinjaNoafa the Meteoran Conjurer began the quest for the
                  | Orb.
     0 | D:1      | Reached XP level 1. HP: 14/14 MP: 5/5
    59 | D:1      | Reached skill level 3 in Spellcasting
    59 | D:1      | Reached skill level 5 in Conjurations
    59 | D:1      | Reached XP level 2. HP: 19/20 MP: 4/7
   148 | D:1      | Reached XP level 3. HP: 18/26 MP: 2/8
   169 | D:1      | Learned a level 2 spell: Searing Ray
   173 | D:1      | Learned a level 3 spell: Dazzling Flash
   362 | D:2      | Reached XP level 4. HP: 31/33 MP: 8/10
   392 | D:2      | Noticed Natasha
   398 | D:2      | Killed Natasha
   399 | D:2      | Reached skill level 4 in Spellcasting
   399 | D:2      | Reached skill level 1 in Hexes
   471 | D:2      | Reached XP level 5. HP: 36/38 MP: 6/12
   579 | D:2      | Noticed Terence
   594 | D:2      | Killed Terence
   606 | D:2      | Identified the +0 robe of Rueth {Rampage rF+ Regen+
                  | Archmagi}
   670 | D:2      | Noticed Natasha
   673 | D:2      | Killed Natasha
   674 | D:2      | Reached skill level 5 in Spellcasting
   915 | D:3      | Reached XP level 6. HP: 45/45 MP: 11/14
   953 | D:3      | Noticed Sigmund
   961 | D:3      | Killed Sigmund
   962 | D:3      | Reached XP level 7. HP: 50/50 MP: 5/16
  1048 | D:3      | Found a stormy altar of Qazlal.
  1373 | D:4      | Reached skill level 6 in Spellcasting
  1528 | D:4      | Reached XP level 8. HP: 52/57 MP: 5/18
  1532 | D:4      | Noticed a steam dragon
  1551 | D:4      | Killed a steam dragon
  1552 | D:4      | Reached skill level 5 in Hexes
  1569 | D:4      | Reached skill level 7 in Spellcasting
  1609 | D:4      | Found a burning altar of Makhleb.
  1798 | D:5      | Entered Level 5 of the Dungeon
  1810 | D:4      | Reached skill level 5 in Translocations
  1872 | D:5      | Found a hide-covered altar of Uskayaw.
  1937 | D:5      | Found a glowing silver altar of Zin.
  1938 | D:5      | Found a shimmering blue altar of Sif Muna.
  2026 | D:5      | Gained mutation: You passively map the area around you.
                  | [Meteoran growth]
  2026 | D:5      | Reached XP level 9. HP: 59/62 MP: 16/21
  2049 | D:5      | Reached skill level 8 in Spellcasting
  2178 | D:5      | Learned a level 2 spell: Blink
  2183 | D:5      | Learned a level 4 spell: Fulminant Prism
  2188 | D:5      | Learned a level 4 spell: Iskenderun's Mystic Blast
  2214 | D:5      | Found a basalt altar of Yredelemnul.
  2292 | D:5      | Reached skill level 9 in Spellcasting
  2477 | D:6      | Reached skill level 10 in Spellcasting
  2477 | D:6      | Reached skill level 1 in Fighting
  2514 | D:6      | Learned a level 3 spell: Teleport Other
  2544 | D:6      | Found a sacrificial altar of Ru.
  2568 | D:6      | Found a hazy altar of Hepliaklqana.
  2581 | D:6      | Reached skill level 1 in Armour
  2581 | D:6      | Reached skill level 1 in Evocations
  2719 | D:6      | Found a sparkling altar of Nemelex Xobeh.
  2841 | D:6      | Found a staircase to the Ecumenical Temple.
  2856 | Temple   | Entered the Ecumenical Temple
  2873 | Temple   | Became a worshipper of Cheibriados the Contemplative
  2931 | D:7      | Learned a level 2 spell: Passwall
  3065 | D:7      | Found a white marble altar of Elyvilon.
  3101 | D:7      | Reached skill level 1 in Invocations
  3101 | D:7      | Reached XP level 10. HP: 70/74 MP: 16/25
  3222 | D:7      | Found a bloodstained altar of Trog.
  3294 | D:7      | Learned a level 3 spell: Summon Guardian Golem
  3556 | D:7      | Reached skill level 5 in Dodging
  3556 | D:7      | Reached * piety under Cheibriados
  3624 | D:8      | Killed from afar by an acid dragon

Illustrated notes

Levels and vault maps discovered:
D:1:      enne_arrival_octagon_isle, layout_basic
D:2:      layout_basic, uniq_natasha, uniq_terence
D:3:      layout_rooms, nicolae_qazlal_eye_of_the_storm, uniq_sigmund
D:4:      layout_basic, makhleb_heckhound_becter, minmay_misc_feat_enclosed
D:5:      layout_rooms, mainiacjoe_overflow_small_starburst,
          mainiacjoe_overflow_alcove_1, gammafunk_temple_overflow_statue,
          kennysheep_generic_room_13
D:6:      layout_layer_cave, nicolae_hepliaklqana_hazy_memory,
          overflow_temple_1_default, nemelex_diamond_rough_becter,
          minmay_temple_entry_offerings
D:7:      layout_loops_cross, mainiacjoe_overflow_cross_hatched,
          mainiacjoe_overflow_chevrons
D:8:      layout_cave_pools, nicolae_xom_altar_mimics, dpeg_oklobed_lair
Temple:   nicolae_temple_ecumenical_triangle

Skill      XL: |  1  2  3  4  5  6  7  8  9 10 |
---------------+-------------------------------+-----
Spellcasting   | 3 4 5 6 7 10 | 10.0
Conjurations   | 5 6 |  6.0
Hexes          | 1 2 3 4 6 |  6.0
Translocations | 2 3 5 6 |  6.0
Fighting       | 2 4 |  4.0
Dodging        | 4 5 |  5.0
Armour         | 2 3 |  3.0
Evocations     | 2 3 |  3.0
Invocations    | 1 3 |  3.7
Stealth        | |  1.4

Action                     |  1- 3 |  4- 6 |  7- 9 | 10-12 || total
---------------------------+-------+-------+-------+-------++-------
  Melee: Dagger            |    11 |     1 |    27 |    10 ||    49
   Cast: Magic Dart        |    64 |    35 |    24 |     8 ||   131
         Searing Ray       |       |    12 |    33 |    12 ||    57
         Dazzling Flash    |       |     1 |     8 |       ||     9
         Iskenderun's Myst |       |       |    12 |    11 ||    23
         Teleport Other    |       |       |    10 |       ||    10
         Fulminant Prism   |       |       |     6 |     3 ||     9
         Blink             |       |       |     3 |     3 ||     6
         Passwall          |       |       |       |     5 ||     5
         Summon Guardian G |       |       |       |     2 ||     2
    Use: Potion            |       |       |     1 |       ||     1
         Scroll            |       |       |    10 |     1 ||    11
 Armour: Robe              |    41 |    13 |    44 |       ||    98
         Steam dragon scal |       |       |       |     8 ||     8
  Dodge: Dodged            |    49 |    17 |    93 |    17 ||   176

Table legend: (Time is in decaauts)
 A = Elapsed time spent in this place.
 B = Non-inter-level travel time spent in this place.
 C = Inter-level travel time spent in this place.
 D = Time resting spent in this place.
 E = Time spent auto-exploring this place.
 F = Levels seen in this place.
 G = Mean time per level.
                   A        B        C        D        E       F      G
               +--------+--------+--------+--------+--------+-----+--------+
         Total |   3802 |   3202 |    600 |      0 |    931 |   9 |  422.4 |
       Dungeon |   3763 |   3167 |    596 |      0 |    909 |   8 |  470.4 |
        Temple |     38 |     34 |      4 |      0 |     22 |   1 |   38.0 |
               +--------+--------+--------+--------+--------+-----+--------+

Top non-repeatable levels by time:
     D:4: 772 daAuts
     D:7: 738 daAuts
     D:6: 572 daAuts
     D:5: 559 daAuts
     D:2: 546 daAuts
     D:1: 355 daAuts
     D:3: 202 daAuts
  Temple: 38 daAuts
     D:8: 15 daAuts
